[Event "Late-Titled-Tuesday-Blitz-July-09-2024"]
[Site "Chess.com"]
[Date "2024.07.09"]
[Round "1"]
[White "Barboval"]
[Black "axlbvRR"]
[Result "1-0"]
[WhiteElo "2534"]
[BlackElo "1936"]
[TimeControl "180+1"]
[EndTime "14:04:52 PDT"]
[Termination "Barboval won by resignation"]

1. d4 Nf6 2. Bg5 e6 3. e4 Be7 4. e5 Ng8 5. Bxe7 Nxe7 6. f4 d6 7. Bd3 c5 8. dxc5 dxe5 9. fxe5 Qa5+ 10. Nc3 Qxc5 11. Nf3 Nbc6 12. Ne4 Qb4+ 13. c3 Qxb2 14. Nd6+ Kf8 15. O-O Qxc3 16. Ng5 Nf5 17. Ngxf7 Nxe5 18. Bxf5 exf5 19. Nxh8 g6 20. Rc1 Qe3+ 21. Kh1 Bd7 22. Nc4 Nxc4 23. Qxd7 Ne5 24. Qd6+ Kg7 25. Rfe1 Qg5 26.
Qxe5+ Kh6 27. Nf7+ 1-0

[Event "Late-Titled-Tuesday-Blitz-July-09-2024"]
[Site "Chess.com"]
[Date "2024.07.09"]
[Round "1"]
[White "VacheH009"]
[Black "Msb2"]
[Result "0-1"]
[WhiteElo "2513"]
[BlackElo "3085"]
[TimeControl "180+1"]
[EndTime "14:04:54 PDT"]
[Termination "Msb2 won by checkmate"]

1. d4 d5 2. Nf3 e6 3. c4 Nf6 4. Nc3 Bb4 5. Bg5 h6 6. Bxf6 Qxf6 7. e3 c5 8. Qb3 O-O 9. dxc5 Bxc3+ 10. Qxc3 Qxc3+ 11. bxc3 dxc4 12. Bxc4 Nd7 13. c6 bxc6 14. O-O Nb6 15.
Be2 c5 16. a4 Nd5 17. Rfc1 a5 18. Ne5 f6 19. Nc4 Bd7 20. g3 Rfb8 21. Nd6 Rb2 22. Bb5 Bxb5 23. axb5 Nb6 24. Ne4 c4 25. Nc5 e5 26.
Na4 Rxb5 27. Nxb6 Rxb6 28. Ra4 Rc6 29. Rb1 Rc5 30. Rb7 Rd8 31. Ra7 Rd3 32. Ra3 Rb5 33. Rc7 Rd2 34. Kg2 Rbb2 35. Kf3 f5 36. g4 Rxf2+ 37. Kg3 f4+ 38. exf4 exf4+ 39. Kh4 Rxh2# 0-1

[Event "Late-Titled-Tuesday-Blitz-July-09-2024"]
[Site "Chess.com"]
[Date "2024.07.09"]
[Round "1"]
[White "SocoLoco"]
[Black "AlleyOoper"]
[Result "0-1"]
[WhiteElo "2109"]
[BlackElo "2559"]
[TimeControl "180+1"]
[EndTime "14:04:59 PDT"]
[Termination "AlleyOoper won by resignation"]

1. e4 e6 2. d3 c5 3. Nc3 Nc6 4. g3 d5 5. Bg2 Nf6 6. Bg5 d4 7. Nce2 e5 8. h3 h6 9. Bxf6 Qxf6 10.
f4 Bd6 11. Nf3 exf4 12. gxf4 Bxf4 13. Nxf4 Qxf4 14. O-O Qg3 15. c3 Bxh3 16. Rf2 dxc3 17. bxc3 O-O 18. d4 cxd4 19. cxd4 Rad8 20. d5 Ne7 21. Qb3 Ng6 22. Nd4 Qxb3 23. axb3 Bxg2 24. Kxg2 Rfe8 25. Kf3 Ne5+ 26. Kf4 Nd3+ 27. Ke3 Nxf2 28.
Kxf2 Rxe4 29. Nf3 Rxd5 30. Rxa7 Rb5 31. Nd2 Rd4 32. Ke3 Rxd2 33. Kxd2 Rxb3 0-1

[Event "Late-Titled-Tuesday-Blitz-July-09-2024"]
[Site "Chess.com"]
[Date "2024.07.09"]
[Round "1"]
[White "AlexZambrano"]
[Black "Zorbos"]
[Result "0-1"]
[WhiteElo "2359"]
[BlackElo "2684"]
[TimeControl "180+1"]
[EndTime "14:05:00 PDT"]
[Termination "Zorbos won by resignation"]

1. e4 e5 2. Nf3 Nc6 3. Nc3 Nf6 4. Bb5 Nd4 5. O-O Nxf3+ 6. Qxf3 c6 7. Ba4 Bc5 8. d3 O-O 9. Bg5 Be7 10. Ne2 a5 11. c4 d6 12. h3 Nd7 13. Be3 Nc5 14.
Bc2 f5 15. Bxc5 dxc5 16. Ng3 f4 17. Ne2 Kh8 18. Qh5 Qd6 19. g3 g6 20. Qf3 Bxh3 21. Rfe1 h5 22. Kh2 Bg4 23. Qh1 f3 24. Nc3 Qd4 25. Qf1 Kg7 26. Rad1 h4 27. Qg1 Rh8 0-1

[Event "Late-Titled-Tuesday-Blitz-July-09-2024"]
[Site "Chess.com"]
[Date "2024.07.09"]
[Round "1"]
[White "legendisback1"]
[Black "Cxrjs"]
[Result "1-0"]
[WhiteElo "3029"]
[BlackElo "2508"]
[TimeControl "180+1"]
[EndTime "14:05:07 PDT"]
[Termination "legendisback1 won by resignation"]

1. d4 Nf6 2. Nc3 d5 3. Bf4 a6 4. e3 h6 5. Nf3 e6 6. Ne5 c5 7.
Bd3 Nfd7 8. Ng6 fxg6 9. Bxg6+ Ke7 10. dxc5 Nxc5 11. O-O Nc6 12. Qh5 Nd7 13. Rad1 Nf6 14. Qh4 Qa5 15. e4 Bd7 16. exd5 e5 17. dxc6 exf4 18. Rxd7+ Ke6 19. Re1+ 1-0

[Event "Late-Titled-Tuesday-Blitz-July-09-2024"]
[Site "Chess.com"]
[Date "2024.07.09"]
[Round "1"]
[White "ArtemDyachuk"]
[Black "KVAIDAN"]
[Result "1-0"]
[WhiteElo "2681"]
[BlackElo "2364"]
[TimeControl "180+1"]
[EndTime "14:05:10 PDT"]
[Termination "ArtemDyachuk won by checkmate"]

1. e4 e5 2. Nf3 Ke7 3. Nxe5 Nf6 4. Nc3 c6 5. d4 Ke8 6. Bc4 d5 7. exd5 cxd5 8. Bb5+ Bd7 9. Nxd7 Nbxd7 10. O-O Be7 11.
Re1 Kf8 12. Bf4 a6 13. Bd3 b5 14. Qf3 Nb6 15. Be5 b4 16. Ne2 Nc4 17. b3 Nd2 18.
Qf4 Nde4 19. Ng3 Nxg3 20. hxg3 Nd7 21. Bc7 Qe8 22. Rxe7 Qxe7 23. Bd6 Re8 24. Bxe7+ Rxe7 25. Qd6 Ke8 26. Bf5 g6 27. Bxd7+ Rxd7 28. Re1+ Kd8 29. Qb8# 1-0

[Event "Late-Titled-Tuesday-Blitz-July-09-2024"]
[Site "Chess.com"]
[Date "2024.07.09"]
[Round "1"]
[White "Chempiblinka"]
[Black "secretworker2027"]
[Result "0-1"]
[WhiteElo "2373"]
[BlackElo "2690"]
[TimeControl "180+1"]
[EndTime "14:05:16 PDT"]
[Termination "secretworker2027 won by resignation"]

1. Nf3 d5 2. g3 Nf6 3. Bg2 c6 4. O-O Bf5 5. c4 e6 6. cxd5 exd5 7. d3 Be7 8. Qb3 Qc8 9. Nc3 O-O 10. Nd4 Bd7 11. e4 dxe4 12. dxe4 Na6 13. e5 Ng4 14. Re1 Bc5 15. Qc4 Be6 16. Nxe6 Bxf2+ 17. Kf1 Qxe6 18. Qe2 Bxe1 19. Qxe1 Qxe5 20. Qxe5 Nxe5 21. Bf4 Nd3 22. Bd6 Rfe8 23. Ba3 Rad8 24. Ne4 Nab4 25. Rb1 Nc2 26.
Nd6 Nxa3 27. Nxe8 Nxb1 0-1

[Event "Late-Titled-Tuesday-Blitz-July-09-2024"]
[Site "Chess.com"]
[Date "2024.07.09"]
[Round "1"]
[White "AsaHoffmann"]
[Black "AcostaPablo"]
[Result "0-1"]
[WhiteElo "2392"]
[BlackElo "2710"]
[TimeControl "180+1"]
[EndTime "14:05:19 PDT"]
[Termination "AcostaPablo won by resignation"]

1. d4 Nf6 2. Bg5 d5 3. e3 Nbd7 4. f4 h6 5. Bh4 c5 6. c3 Qb6 7. b3 Ne4 8. Bd3 Ndf6 9. Nf3 Bf5 10. Ne5 e6 11. O-O Be7 12. Bxe4 Bxe4 13. Nd2 Bh7 14. Qf3 Rc8 15. Rac1 Qa5 16. dxc5 Qxa2 17. Rf2 Qa3 18. Rff1 Qxc5 19. c4 Qb4 20. Qe2 O-O 21. Bxf6 Bxf6 22. Nd7 Rfd8 23. Nxf6+ gxf6 24. cxd5 Rxc1 25. Rxc1 Rxd5 26.
Rc8+ Kg7 27. Qg4+ Bg6 28. Nf3 Qxb3 29. e4 Qe3+ 0-1

[Event "Late-Titled-Tuesday-Blitz-July-09-2024"]
[Site "Chess.com"]
[Date "2024.07.09"]
[Round "1"]
[White "Maluco_do_Natal_00"]
[Black "Truequitos"]
[Result "0-1"]
[WhiteElo "1987"]
[BlackElo "2545"]
[TimeControl "180+1"]
[EndTime "14:05:19 PDT"]
[Termination "Truequitos won on time"]

1. e4 c6 2. d4 d5 3. Nc3 dxe4 4. Nxe4 Nf6 5. Nxf6+ gxf6 6. g3 Bf5 7. Bg2 e6 8. Ne2 Bd6 9. Bf4 Qc7 10. c3 Nd7 11. Qa4 e5 12. Be3 Nb6 13. Qa5 Nc4 14. Qxc7 Bxc7 15. Bc1 Bd3 16. b3 Nd6 17. dxe5 fxe5 18. Ba3 O-O-O 19. Rd1 Nb5 20. Bb2 Ba5 21. b4 Bb6 22. a4 Bxe2 23. Kxe2 Nd6 24. a5 Bc7 25. Bh3+ Kb8 26. Bc1 Nc4 27. Rxd8+ Rxd8 28. Rd1 Rxd1 29. Kxd1 Nd6 30. f3 Bd8 31. Ke2 Kc7 32. Be3 b6 33.
axb6+ axb6 34. Bg4 f5 35. Bh5 Bf6 0-1

[Event "Late-Titled-Tuesday-Blitz-July-09-2024"]
[Site "Chess.com"]
[Date "2024.07.09"]
[Round "1"]
[White "schachlana"]
[Black "Stanbad1"]
[Result "0-1"]
[WhiteElo "2318"]
[BlackElo "2647"]
[TimeControl "180+1"]
[EndTime "14:05:22 PDT"]
[Termination "Stanbad1 won by resignation"]

1. d4 Nf6 2. c4 c5 3. d5 b5 4. Nf3 b4 5. Nbd2 d6 6. e4 g6 7. Bd3 Bg7 8. O-O O-O 9. h3 a5 10. a3 Nfd7 11. axb4 cxb4 12. Nb3 Qc7 13. Nbd4 Nc5 14.
Be3 Nxd3 15. Qxd3 Na6 16. Nb5 Qd8 17. b3 Bd7 18. Ra4 Rb8 19. Ra2 Bxb5 20. cxb5 Nc7 21. Rxa5 Nxd5 22. Ra7 Nxe3 23. Qxe3 Rxb5 24. Nd4 Rc5 25.
Rb7 Rc3 26. Qd2 d5 27. Rxb4 Rc7 28. exd5 Qxd5 29. Nf3 Qxd2 30. Nxd2 Rd8 31. Nc4 Bf6 32. Rb1 Rd3 33. Rb8+ Kg7 34. Ne3 Bd4 35. Nd5 Rc2 36. Nxe7 Rxf2 37. Nc6 Rb2+ 38. Nxd4 Rxb1+ 0-1

[Event "Late-Titled-Tuesday-Blitz-July-09-2024"]
[Site "Chess.com"]
[Date "2024.07.09"]
[Round "1"]
[White "Mikayel99"]
[Black "katharinareinecke"]
[Result "0-1"]
[WhiteElo "2538"]
[BlackElo "2098"]
[TimeControl "180+1"]
[EndTime "14:05:25 PDT"]
[Termination "katharinareinecke won by resignation"]

1. e4 c6 2. d4 d5 3. exd5 cxd5 4. Bd3 Nc6 5. c3 Qc7 6. h3 Nf6 7. Nf3 g6 8. O-O Bf5 9. Be2 Bg7 10. Re1 O-O 11.
Nbd2 a6 12. a4 Ne4 13. Nxe4 Bxe4 14. Bg5 Bxf3 15. Bxf3 e6 16. Bh4 Na5 17. Bg3 Qb6 18. b4 Nc4 19. a5 Qc6 20. Rc1 Rac8 21. h4 Bh6 22. Rc2 Na3 23. Rb2 Qxc3 24. Rb3 Qc2 25. Rxa3 Qxd1 26. Rxd1 Rc4 27. Rb3 Rfc8 28. b5 Ra4 29.
bxa6 bxa6 30. Rb6 Rxa5 31. Be2 Ra8 32. Rdb1 Ra4 33. Rb8+ Rxb8 34. Rxb8+ Kg7 35. Be5+ f6 36. Rb7+ Kg8 37. Bxf6 Bf4 38. Bg4 Ra1+ 0-1

[Event "Late-Titled-Tuesday-Blitz-July-09-2024"]
[Site "Chess.com"]
[Date "2024.07.09"]
[Round "1"]
[White "TOCANTINS_TO"]
[Black "el_sporco"]
[Result "0-1"]
[WhiteElo "2041"]
[BlackElo "2548"]
[TimeControl "180+1"]
[EndTime "14:05:27 PDT"]
[Termination "el_sporco won by resignation"]

1. e4 e5 2. Nf3 Nc6 3. Bc4 Nf6 4. d3 Bc5 5. O-O O-O 6. c3 d5 7. exd5 Nxd5 8. Re1 Nb6 9. Bb5 Bg4 10. h3 Bh5 11. g4 Bg6 12. Bxc6 bxc6 13. Nxe5 Qh4 14.
Qf3 Rfe8 15. d4 Bd6 16. Re2 Nd5 17. Nd2 f6 18. Nxg6 hxg6 19. Rxe8+ Rxe8 20. Nf1 Re1 21. c4 Nf4 22. Bxf4 Rxa1 23. Bxd6 cxd6 24. Kg2 Qg5 25. Qxc6 Qc1 26. Ng3 Qxb2 27. Qxd6 Rxa2 28. Qd5+ Kh7 29. Ne4 Qb6 30. Nxf6+ Qxf6 0-1

[Event "Late-Titled-Tuesday-Blitz-July-09-2024"]
[Site "Chess.com"]
[Date "2024.07.09"]
[Round "1"]
[White "subham777"]
[Black "UB_TheQueen"]
[Result "1-0"]
[WhiteElo "2554"]
[BlackElo "2077"]
[TimeControl "180+1"]
[EndTime "14:05:29 PDT"]
[Termination "subham777 won by resignation"]

1. e4 c5 2. Nf3 d6 3. d4 cxd4 4.
Qxd4 Nc6 5. Bb5 Bd7 6. Bxc6 Bxc6 7. c4 Nf6 8. Nc3 g6 9. Bg5 Bg7 10. O-O O-O 11. Qd3 Rc8 12. Rac1 Qa5 13. a3 a6 14. Rfe1 Bd7 15. h3 Be6 16. Nd5 Bxd5 17. exd5 h6 18.
b4 Qa4 19. Bh4 Rc7 20. Bg3 Rfc8 21. Re3 b5 22. c5 Nh5 23. Bh2 f5 24. Rce1 Bf6 25.
g4 f4 26. Qxg6+ Ng7 27. Bxf4 Qb3 28. Rxb3 dxc5 29. Bxc7 Rxc7 30. d6 1-0

[Event "Late-Titled-Tuesday-Blitz-July-09-2024"]
[Site "Chess.com"]
[Date "2024.07.09"]
[Round "1"]
[White "PapaieDudu"]
[Black "Vladimir_2020"]
[Result "0-1"]
[WhiteElo "2411"]
[BlackElo "2749"]
[TimeControl "180+1"]
[EndTime "14:05:31 PDT"]
[Termination "Vladimir_2020 won by resignation"]

1. e4 c5 2. Nf3 e6 3. d4 cxd4 4. Nxd4 a6 5. Nc3 Qc7 6. Be3 Nf6 7.
Bd3 d6 8. O-O Be7 9. f4 Nbd7 10.
Qf3 O-O 11. Kh1 Nc5 12. Rac1 Bd7 13. b4 Na4 14. Nxa4 Bxa4 15. c4 Bd7 16. g4 e5 17.
Nf5 Bxf5 18. exf5 Rfe8 19. g5 e4 20. Qg2 exd3 21. Bd4 Nd7 22. f6 Bf8 23. Rcd1 Qc6 24. b5 Qxg2+ 0-1

[Event "Late-Titled-Tuesday-Blitz-July-09-2024"]
[Site "Chess.com"]
[Date "2024.07.09"]
[Round "1"]
[White "protectiago"]
[Black "Aryan_Tamadon"]
[Result "0-1"]
[WhiteElo "2175"]
[BlackElo "2576"]
[TimeControl "180+1"]
[EndTime "14:05:31 PDT"]
[Termination "Aryan_Tamadon won by resignation"]

1. d4 Nf6 2. c4 c5 3. d5 e6 4. Nc3 d6 5. g3 exd5 6. cxd5 Be7 7. Bg2 O-O 8. Nf3 Re8 9. O-O Bf5 10. Nd2 Bf8 11. f3 a6 12. e4 Bd7 13. a4 b6 14. h3 Ra7 15. f4 Rb7 16. Nc4 b5 17. axb5 axb5 18. Na5 Ra7 19. Nb3 Rxa1 20. Nxa1 b4 21.
e5 bxc3 22. exf6 Qxf6 23. bxc3 Qxc3 24. Bd2 Qxg3 25. Rf3 Qh4 26. Bc3 Bb5 27. Nc2 Be2 0-1

[Event "Late-Titled-Tuesday-Blitz-July-09-2024"]
[Site "Chess.com"]
[Date "2024.07.09"]
[Round "1"]
[White "ExchangeAB"]
[Black "Arysya"]
[Result "0-1"]
[WhiteElo "2469"]
[BlackElo "2888"]
[TimeControl "180+1"]
[EndTime "14:05:32 PDT"]
[Termination "Arysya won by resignation"]

1. d4 Nf6 2. Nf3 d6 3. g3 g6 4. Bg2 Bg7 5. O-O O-O 6. b3 a5 7. Bb2 c6 8. c4 a4 9. Nc3 a3 10. Bc1 Bf5 11. Nh4 Bd7 12. e4 e5 13. dxe5 dxe5 14. Be3 Na6 15. Na4 Qe7 16. Qe2 Bg4 17.
f3 Be6 18. Rfd1 Nd7 19. Nb6 Nxb6 20. Bxb6 Bf6 21. Bf2 Nb4 22. Rd2 c5 23. Rad1 Nc6 24. Bf1 Nd4 25. Bxd4 exd4 26. Ng2 Rae8 27. Qd3 Bd7 28.
Re2 Bc6 29. Nf4 Bg5 30. Nd5 Bxd5 31. cxd5 f5 32. Bg2 fxe4 33. Rxe4 Be3+ 34. Kh1 Qd6 35.
f4 Kg7 36. Re1 Rxe4 37. Qxe4 Rf7 38. Qe6 Qxe6 39. dxe6 Rc7 40. Bd5 b5 41. Kg2 Kf6 42. Kf3 c4 43. Ke4 c3 44. e7 Kxe7 0-1

[Event "Late-Titled-Tuesday-Blitz-July-09-2024"]
[Site "Chess.com"]
[Date "2024.07.09"]
[Round "1"]
[White "Nick12772"]
[Black "Igor_Janik"]
[Result "0-1"]
[WhiteElo "2473"]
[BlackElo "2895"]
[TimeControl "180+1"]
[EndTime "14:05:33 PDT"]
[Termination "Igor_Janik won by resignation"]

1. Nf3 d5 2. g3 Nf6 3. Bg2 c6 4. O-O Bg4 5. d4 e6 6. b3 Nbd7 7. Nbd2 Be7 8. Bb2 O-O 9. a3 a5 10. h3 Bh5 11. Re1 a4 12. b4 b5 13. Nf1 Nb6 14. Ne3 Rc8 15. Ne5 Nfd7 16. Nxd7 Qxd7 17. h4 f5 18. f4 h6 19. Kf2 Bf6 20. Rh1 Kf7 21.
Qd3 Rh8 22. Rag1 Rcg8 23. Ke1 g5 24. hxg5 hxg5 25. Kd2 gxf4 26. gxf4 Qd6 27. Rf1 Nc4+ 28. Nxc4 dxc4 29. Qe3 Rxg2 30. Rf2 Rxf2 31. Qxf2 Bg6 32. Rxh8 Bxh8 33. c3 Bf6 34. Qf3 Qd5 35. Qxd5 exd5 36. e3 Bh5 37. Ke1 Kg6 38. Kf2 Bd1 39. Kg3 Kh5 40. Bc1 Bh4+ 41. Kg2 Be1 42. Bb2 Kg4 43. Ba1 Bh4 44. Bb2 Bf3+ 45. Kh2 Be4 46. Bc1 Kf3 47. Kh3 Bf2 0-1

[Event "Late-Titled-Tuesday-Blitz-July-09-2024"]
[Site "Chess.com"]
[Date "2024.07.09"]
[Round "1"]
[White "MetiForce"]
[Black "1g60-1"]
[Result "1-0"]
[WhiteElo "2890"]
[BlackElo "2470"]
[TimeControl "180+1"]
[EndTime "14:05:34 PDT"]
[Termination "MetiForce won by checkmate"]

1. e4 e6 2. d4 d5 3. e5 c5 4. c3 Nc6 5. Nf3 Bd7 6. Be2 f6 7. O-O fxe5 8. Nxe5 Nxe5 9. dxe5 Qc7 10.
Bf4 O-O-O 11. a4 h6 12. Na3 g5 13. Be3 a6 14. b4 Qxe5 15. bxc5 Qg7 16. Rb1 Bc6 17. Qb3 Ne7 18. Nb5 Kd7 19. Nd4 Rb8 20.
Bg4 Nf5 21. Nxf5 exf5 22. Bxf5+ Kd8 23. Bd4 Qf7 24. Qb6+ Ke8 25. Rfe1+ Be7 26. Qxc6+ bxc6 27. Rxb8# 1-0

[Event "Late-Titled-Tuesday-Blitz-July-09-2024"]
[Site "Chess.com"]
[Date "2024.07.09"]
[Round "1"]
[White "dougie47"]
[Black "Chigorinetz"]
[Result "0-1"]
[WhiteElo "2208"]
[BlackElo "2589"]
[TimeControl "180+1"]
[EndTime "14:05:36 PDT"]
[Termination "Chigorinetz won by resignation"]

1. c4 g6 2. g3 Bg7 3. Bg2 f5 4.
Nc3 Nf6 5. d4 O-O 6. Nf3 d6 7.
O-O Qe8 8. b3 h6 9. Ba3 g5 10.
Rc1 c6 11. d5 c5 12. Qc2 Qg6 13. Rce1 Na6 14. Bb2 Bd7 15. Qb1 Nc7 16. e4 fxe4 17.
Nxe4 Bf5 18. Nfd2 b5 19. Bxf6 exf6 20. Qc1 Rad8 21. a4 b4 22. f4 Bc8 23. fxg5 hxg5 24. h3 f5 25. Nf2 Rde8 26. Kh2 Bc3 27. Rxe8 Nxe8 28. Nf3 f4 29. gxf4 gxf4 30. Rg1 Qg3+ 31. Kh1 Qxf2 32. Ng5 Bd4 33. Rf1 Qg3 34. Ne4 Qh4 35.
Qd1 Bxh3 0-1

[Event "Late-Titled-Tuesday-Blitz-July-09-2024"]
[Site "Chess.com"]
[Date "2024.07.09"]
[Round "1"]
[White "ACollins05"]
[Black "mbojan"]
[Result "0-1"]
[WhiteElo "2483"]
[BlackElo "2921"]
[TimeControl "180+1"]
[EndTime "14:05:37 PDT"]
[Termination "mbojan won by resignation"]

1. d4 Nf6 2. c4 g6 3. Nc3 Bg7 4. e4 d6 5. h3 Nbd7 6. Bg5 h6 7. Be3 e5 8. Nf3 exd4 9. Nxd4 O-O 10. Qd2 Re8 11. f3 c6 12. O-O-O Kh7 13. Nc2 d5 14.
cxd5 cxd5 15. Nxd5 Nxd5 16. Qxd5 Qe7 17. Bc4 Ne5 18.
Bb3 Be6 19. Qd6 Qh4 20. Bxe6 Rxe6 21. Qd5 Rc8 22. Kb1 Nc4 23. Bd4 Bxd4 24. Qxd4 Qg5 25. g4 Rd6 26. Qxd6 Nxd6 27. Rxd6 Rxc2 0-1

[Event "Late-Titled-Tuesday-Blitz-July-09-2024"]
[Site "Chess.com"]
[Date "2024.07.09"]
[Round "1"]
[White "RichardShtivelband"]
[Black "Crazy_girl99"]
[Result "0-1"]
[WhiteElo "2360"]
[BlackElo "2674"]
[TimeControl "180+1"]
[EndTime "14:05:37 PDT"]
[Termination "Crazy_girl99 won by resignation"]

1. e4 e5 2. Nf3 Nc6 3. Bb5 a6 4. Ba4 Nf6 5. O-O b5 6. Bb3 Bc5 7.
d3 d6 8. h3 h6 9. Be3 O-O 10. c3 Ba7 11. d4 Re8 12. dxe5 Nxe5 13. Bxa7 Rxa7 14. Nd4 c5 15. f4 cxd4 16. fxe5 dxe5 17. cxd4 exd4 18. Nd2 Nxe4 19. Nxe4 Rxe4 20. Qf3 Ree7 21. Rae1 Be6 22. Bc2 Rac7 23. Qd3 g6 24. Bb3 Bc4 25. Bxc4 bxc4 26. Qf3 Rxe1 27. Rxe1 c3 28.
bxc3 dxc3 29. Rd1 Qe7 30. Qa8+ Kg7 31. Rd8 Qf6 32. Rh8 Qd4+ 33. Kh2 Qe5+ 34. Kh1 c2 0-1

[Event "Late-Titled-Tuesday-Blitz-July-09-2024"]
[Site "Chess.com"]
[Date "2024.07.09"]
[Round "1"]
[White "WanderingPuppet"]
[Black "Ganziitoo"]
[Result "1-0"]
[WhiteElo "2661"]
[BlackElo "2330"]
[TimeControl "180+1"]
[EndTime "14:05:37 PDT"]
[Termination "WanderingPuppet won by resignation"]

1. e4 d6 2. d4 Nf6 3. Nc3 Nbd7 4.
Nf3 e5 5. g4 h6 6. Rg1 c6 7. Be3 Be7 8. Qd2 b5 9. a3 a5 10. h4 exd4 11. Nxd4 Bb7 12. g5 hxg5 13.
hxg5 b4 14. gxf6 bxc3 15. Qxc3 Bxf6 16. Qc4 c5 17. Nf5 Ne5 18. Qa4+ Kf8 19. O-O-O Bxe4 20. Qxe4 1-0

[Event "Late-Titled-Tuesday-Blitz-July-09-2024"]
[Site "Chess.com"]
[Date "2024.07.09"]
[Round "1"]
[White "seasidesunset"]
[Black "Korchmar_Vasiliy"]
[Result "0-1"]
[WhiteElo "2278"]
[BlackElo "2614"]
[TimeControl "180+1"]
[EndTime "14:05:38 PDT"]
[Termination "Korchmar_Vasiliy won by checkmate"]

1. e4 c5 2. c4 Nc6 3. Nc3 g6 4. g3 Bg7 5. Bg2 d6 6. Nge2 h5 7. h3 Rb8 8. d3 a6 9. a4 e6 10.
O-O Nge7 11. f4 b6 12. Be3 Nd4 13. Bxd4 cxd4 14. Nb1 Nc6 15. Nd2 Bd7 16. Nf3 O-O 17. Nh4 Kh7 18. f5 Bh6 19. Nf4 g5 20. Qxh5 gxh4 21. fxe6 Bxe6 22. Nxe6 fxe6 23. Rf7+ Rxf7 24. Qxf7+ Bg7 25. e5 Nxe5 26. Be4+ Kh6 27. Qf4+ Qg5 28. Qf1 Rf8 29. Qc1 hxg3 30. Qd1 Qe3+ 31. Kh1 Rf2 32.
Bg2 Rxg2 33. Kxg2 Qf2+ 34. Kh1 Qh2# 0-1

[Event "Late-Titled-Tuesday-Blitz-July-09-2024"]
[Site "Chess.com"]
[Date "2024.07.09"]
[Round "1"]
[White "Dexter_Dyke"]
[Black "artin10862"]
[Result "0-1"]
[WhiteElo "2493"]
[BlackElo "2948"]
[TimeControl "180+1"]
[EndTime "14:05:48 PDT"]
[Termination "artin10862 won by checkmate"]

1. e4 e5 2. Nf3 Nc6 3. d4 exd4 4. Nxd4 Bc5 5. Nb3 Bb6 6. Nc3 Nf6 7. Qe2 a5 8. a4 O-O 9. Be3 d5 10. Bxb6 cxb6 11. O-O-O Re8 12. Nxd5 Nxe4 13. Ne3 Qf6 14. Kb1 Qxf2 15. Nd5 Nc3+ 16. Nxc3 Rxe2 17. Bxe2 Be6 18. Bf3 Rc8 19. Rhf1 Qh4 20. Bxc6 bxc6 21. Nd4 Qxh2 22.
Nxe6 fxe6 23. Rd7 Qxg2 24. Rff7 Rf8 25. Rfe7 h5 26. Ne4 Qxe4 27. Rxg7+ Kh8 28. Rg5 Rf1+ 29.
Ka2 Qxa4# 0-1

[Event "Late-Titled-Tuesday-Blitz-July-09-2024"]
[Site "Chess.com"]
[Date "2024.07.09"]
[Round "1"]
[White "SpeedofLight0"]
[Black "malakismayil"]
[Result "1-0"]
[WhiteElo "3123"]
[BlackElo "2517"]
[TimeControl "180+1"]
[EndTime "14:05:49 PDT"]
[Termination "SpeedofLight0 won on time"]

1. d4 d5 2. Nc3 Nf6 3. Bf4 Bf5 4. e3 e6 5. f3 Bb4 6. g4 Bg6 7. h4 h6 8. Bd3 Bxd3 9. Qxd3 Nbd7 10. Ne2 a6 11. O-O-O Nb6 12. g5 Nh5 13. gxh6 Nxf4 14. Nxf4 Rxh6 15. h5 Qf6 16. Nce2 Bd6 17. Kb1 O-O-O 18.
Rdg1 Rdh8 19. Rh3 g6 20. hxg6 Rxh3 21. Nxh3 fxg6 22. Ng5 Bh2 23. Rg2 Bd6 24. a3 Rh1+ 25. Ka2 Nc4 26. e4 Be7 27. e5 Qf5 28. Qxf5 exf5 29.
Ne6 g5 30. Nxg5 Ne3 31. Rg3 Nxc2 32. Ne6 Rh2 33. N6f4 a5 34. Rg7 Bd8 35. e6 a4 36.
Rg8 Rh1 37. Ng1 c5 38. e7 1-0

[Event "Late-Titled-Tuesday-Blitz-July-09-2024"]
[Site "Chess.com"]
[Date "2024.07.09"]
[Round "1"]
[White "Antek_Radzimski"]
[Black "osielchesslover2011"]
[Result "1-0"]
[WhiteElo "2577"]
[BlackElo "2182"]
[TimeControl "180+1"]
[EndTime "14:05:51 PDT"]
[Termination "Antek_Radzimski won on time"]

1. e4 c5 2. Nf3 d6 3. d4 cxd4 4. Nxd4 Nf6 5. Nc3 a6 6. h4 b5 7. a4 b4 8. Nd5 e6 9. Nxf6+ gxf6 10. Bd3 Bb7 11. Be3 Nc6 12. Nb3 Be7 13. h5 Ne5 14.
Qd2 Qc7 15. O-O-O Nc4 16. Qe2 Nxe3 17. Qxe3 a5 18. Bb5+ Bc6 19. Qd3 Rb8 20. Nd4 Bd7 21. h6 Qc5 22. g4 Qg5+ 23. Kb1 Qxg4 24. f3 Qg5 25. Bxd7+ Kxd7 26. Nb3 Ke8 27. Qa6 1-0

[Event "Late-Titled-Tuesday-Blitz-July-09-2024"]
[Site "Chess.com"]
[Date "2024.07.09"]
[Round "1"]
[White "FabianoCaruana"]
[Black "bob1263"]
[Result "1-0"]
[WhiteElo "3182"]
[BlackElo "2518"]
[TimeControl "180+1"]
[EndTime "14:05:55 PDT"]
[Termination "FabianoCaruana won by checkmate"]

1. e4 c5 2. Nf3 e6 3. d4 cxd4 4. Nxd4 Nf6 5. Nc3 d6 6. Be3 Nc6 7. Qd2 Be7 8. f3 a6 9. O-O-O Qc7 10. g4 b5 11. Nxc6 Qxc6 12. g5 Nd7 13. Ne2 Bb7 14. Nd4 Qc7 15. h4 Rc8 16. Kb1 Ne5 17. Be2 Nc4 18.
Bxc4 Qxc4 19. h5 b4 20. Qg2 a5 21. b3 Qc7 22. g6 O-O 23. h6 Bf6 24. hxg7 Bxg7 25. gxh7+ Kh8 26. Rdg1 Be5 27. Qg8+ Rxg8 28. hxg8=Q# 1-0

[Event "Late-Titled-Tuesday-Blitz-July-09-2024"]
[Site "Chess.com"]
[Date "2024.07.09"]
[Round "1"]
[White "Keaton87"]
[Black "EDaMatta"]
[Result "1-0"]
[WhiteElo "2648"]
[BlackElo "2325"]
[TimeControl "180+1"]
[EndTime "14:05:56 PDT"]
[Termination "Keaton87 won on time"]

1. d4 d5 2. Bf4 c5 3. e3 Nc6 4.
c3 Bf5 5. Nd2 e6 6. Ngf3 Nf6 7.
Bb5 Bd6 8. Ne5 Bxe5 9. Bxe5 cxd4 10. exd4 O-O 11. Bg3 a6 12. Be2 Re8 13. O-O e5 14. dxe5 Nxe5 15. Nf3 Nc4 16. Nd4 Bg6 17. b3 Ne5 18. f4 Nc6 19. f5 Nxd4 20. cxd4 Rxe2 21. Qxe2 Bh5 22. Qe5 Ne4 23. f6 g6 24. Rae1 Rc8 25. Rc1 Nc3 26. Kh1 Nxa2 27. Rxc8 Qxc8 28. Re1 h6 29.
Qxd5 Nb4 30. Qc5 Qxc5 31. dxc5 Nd3 32. Re8+ Kh7 33. Bd6 1-0

[Event "Late-Titled-Tuesday-Blitz-July-09-2024"]
[Site "Chess.com"]
[Date "2024.07.09"]
[Round "1"]
[White "Mikhail_Golubev"]
[Black "IngOscarArdila"]
[Result "1-0"]
[WhiteElo "2632"]
[BlackElo "2302"]
[TimeControl "180+1"]
[EndTime "14:05:58 PDT"]
[Termination "Mikhail_Golubev won by resignation"]

1. e4 e5 2. Nf3 Nf6 3. Nc3 Nc6 4. g3 Bb4 5. Bg2 d6 6. O-O O-O 7. d3 h6 8. Bd2 Bg4 9. h3 Be6 10. Re1 Qd7 11. Kh2 Rad8 12. Nh4 Nd4 13. f4 exf4 14. gxf4 Qc8 15. Be3 c5 16. Rf1 a6 17. Qd2 Qc7 18. f5 Bd7 19. Bxh6 gxh6 20. Qxh6 d5+ 21. Kh1 Qd6 22.
Rg1 Nxe4 23. Bxe4+ 1-0

[Event "Late-Titled-Tuesday-Blitz-July-09-2024"]
[Site "Chess.com"]
[Date "2024.07.09"]
[Round "1"]
[White "Zhigalko_Sergei"]
[Black "noblerone"]
[Result "1-0"]
[WhiteElo "2930"]
[BlackElo "2489"]
[TimeControl "180+1"]
[EndTime "14:05:59 PDT"]
[Termination "Zhigalko_Sergei won on time"]

1. e4 c5 2. Nf3 e6 3. c3 Nf6 4. e5 Nd5 5. Bc4 d6 6. d4 cxd4 7. cxd4 Be7 8. O-O O-O 9. Bd2 b6 10. Qe2 Bb7 11. Nc3 dxe5 12. dxe5 Nxc3 13. Bxc3 Qc7 14.
Bd3 Nd7 15. Rfe1 Nc5 16. Bc2 a5 17. Nd4 Rad8 18. Qg4 Rfe8 19. Nb5 Qc6 20. Nd6 Rf8 21.
Qh3 g6 22. Re3 f5 23. Rg3 Bxd6 24. exd6 Qd7 25. Qh6 1-0